 Dungeon Crawl Stone Soup version 0.29.1-1-gd02db6906a (webtiles) character file.

Game seed: 1860374996827983998

287 lonewolfV2 the Covered (level 6, -3/39 HPs)
             Began as a Gargoyle Fighter on Oct 16, 2022.
             Slain by a gnoll
             ... wielding a +0 halberd
             ... led by a gnoll sergeant
              (4 damage)
             ... on level 4 of the Dungeon.
             The game lasted 00:06:28 (3194 turns).

lonewolfV2 the Covered (Gargoyle Fighter)           Turns: 3194, Time: 00:06:29

Health: -3/39      AC: 13    Str: 19    XL:     6   Next: 30%
Magic:  6/6        EV:  9    Int:  9    God:
Gold:   146        SH:  9    Dex: 11    Spells: 5/5 levels left

rFire   . . .      SeeInvis .   a - +1 flail
rCold   . . .      Faith    .   c - +0 buckler
rNeg    + . .      Spirit   .   b - +0 scale mail
rPois   ∞          Reflect  +   (no helmet)
rElec   +          Harm     .   g - +1 cloak
rCorr   .          Rampage  .   (no gloves)
Will    +....                   (no boots)
Stlth   ..........              q - amulet of reflection
HPRegen 0.13/turn               l - ring of willpower
MPRegen 0.10/turn               (no ring)

@: attractive
A: sickness immunity, AC +4, negative energy resistance 1, electricity
resistance, torment resistance 1, petrification resistance
a: no special abilities


You were on level 4 of the Dungeon.
You visited 1 branch of the dungeon, and saw 4 of its levels.

You collected 146 gold pieces.

Inventory:

Hand Weapons
 a - a +1 flail (weapon)
Armour
 b - a +0 scale mail (worn)
 c - a +0 buckler (worn)
 g - a +1 cloak (worn)
Jewellery
 i - an amulet of regeneration
 l - a ring of willpower (left hand)
 q - an amulet of reflection (around neck)
Scrolls
 h - 2 scrolls of blinking
 p - a scroll of vulnerability {unknown}
Potions
 d - a potion of might
 e - 2 potions of degeneration
 f - a potion of cancellation
 j - a potion of invisibility
 k - a potion of ambrosia {unknown}
 m - a potion of attraction
 n - 2 potions of mutation {unknown}
 o - 2 potions of lignification {unknown}


   Skills:
 + Level 4.3 Fighting
 + Level 4.3 Maces & Flails
 + Level 4.4 Armour
 + Level 1.2 Dodging
 + Level 0.4 Stealth
 + Level 4.0 Shields


You had 5 spell levels left.
You didn't know any spells.
Your spell library contained the following spells:

 Spells                   Type           Power      Damage    Failure   Level
 Magic Dart               Conj           0%         1d3       83%         1
 Slow                     Hex            0%         N/A       83%         1
 Ensorcelled Hibernation  Hex/Ice        0%         N/A       93%         2
 Passwall                 Tmut/Erth      0%         N/A       93%         2
 Poisonous Vapours        Pois/Air       0%         N/A       93%         2
 Searing Ray              Conj           0%         2d4       93%         2
 Static Discharge         Conj/Air       0%         3-3/arc   93%         2
 Confusing Touch          Hex            0%         N/A       99%         3
 Ignite Poison            Fire/Tmut/Pois 0%         N/A       99%         3
 Swiftness                Air            0%         N/A       99%         3
 Vampiric Draining        Necr           0%         2d6       99%         3
 Corpse Rot               Necr/Pois/Air  0%         N/A       100%        4
 Dispel Undead            Necr           0%         3d6       100%        4
 Fulminant Prism          Conj/Hex       0%         3d6       100%        4
 Petrify                  Tmut/Erth      0%         N/A       100%        4
 Sticky Flame             Conj/Fire      0%         2d3       100%        4


Dungeon Overview and Level Annotations

Branches:
Dungeon (4/15)
 Temple: D:4-7

Altars:
Elyvilon
Trog


Innate Abilities, Weirdness & Mutations

You are immune to sickness and miasma.
Your stone body is resilient. (AC +4)
You are immune to poison.
You resist negative energy. (rN+)
You are resistant to electric shocks. (rElec)
You are resistant to unholy torment.
You are immune to petrification.


Message History

You block the gnoll's attack. The gnoll hits you but does no damage.
The gnoll barely misses you.
You sock the gnoll!
You kill the gnoll!
The gnoll barely misses you.
A gnoll comes into view. It is wielding a +0 halberd.
Your Shields skill increases to level 4!
The gnoll barely misses you. The gnoll misses you.
Items here: )) ††.
You hit the gnoll.
The gnoll is heavily wounded.
A gnoll comes into view. It is wielding a +0 spear.
You block the gnoll's attack. The gnoll hits you but does no damage.
You sock the gnoll!
You kill the gnoll!
You block the gnoll's attack.
The gnoll hits you from afar with a +0 halberd!
You block the gnoll's attack. The gnoll barely misses you.
There is a stone staircase leading up here.
You see here a +0 halberd.
You hit the gnoll but do no damage. You block the gnoll's attack.
The gnoll sergeant hits you from afar with a +0 spear!
The gnoll hits you from afar with a +0 spear.
The gnoll hits you with a +0 halberd. You block the gnoll's attack.
The gnoll sergeant barely misses you. The gnoll completely misses you.
The gnoll hits you but does no damage.
The gnoll hits you from afar with a +0 halberd!
* * * LOW HITPOINT WARNING * * *
The gnoll sergeant barely misses you.
Items here: )) ††.
Unknown command.
You barely miss the gnoll sergeant. The gnoll hits you but does no damage.
You block the gnoll sergeant's attack. The gnoll closely misses you.
It was a potion of attraction.
You feel attractive to monsters. The gnoll sergeant barely misses you.
The gnoll hits you from afar with a +0 halberd.
* * * LOW HITPOINT WARNING * * *
The gnoll hits you from afar with a +0 halberd.
You die...

...P...P.....##
#..P..P.P......
#..P...P..P..#
?.....P.....#
..P...... #
#####.#.#.#..##
.......gg......
#####.#<#.#....
# #@# # # #g#
#.......#
###.#.### ....#
..# # ..## ..
...


You could see a gnoll sergeant and 2 gnolls.

Vanquished Creatures
  Sigmund (D:2)
  2 gnolls (D:4)
  3 adders
  2 dart slugs
  4 worms
  8 bats
  7 endoplasms
  2 giant cockroaches
  9 hobgoblins
  7 jackals
  2 quokkas
  4 ball pythons
  2 frilled lizards
  4 goblins
  3 kobolds
  5 rats
  A spectral kobold (D:1)
66 creatures vanquished.

Vanquished Creatures (collateral kills)
  A bat (D:2)
1 creature vanquished.

Vanquished Creatures (others)
  3 plants (D:4)
3 creatures vanquished.

Grand Total: 70 creatures vanquished

Notes
Turn   | Place    | Note
-------+----------+-------------------------------------------
     0 | D:1      | lonewolfV2 the Gargoyle Fighter began the quest for the
                  | Orb.
     0 | D:1      | Reached XP level 1. HP: 14/14 MP: 1/1
   179 | D:1      | Reached XP level 2. HP: 19/19 MP: 2/2
   863 | D:1      | Reached XP level 3. HP: 21/23 MP: 3/3
  1109 | D:1      | Found a faded altar of an unknown god.
  1658 | D:2      | Reached XP level 4. HP: 28/28 MP: 4/4
  1717 | D:2      | Noticed Sigmund
  1736 | D:2      | Killed Sigmund
  1737 | D:2      | Reached skill level 1 in Dodging
  1737 | D:2      | Reached XP level 5. HP: 28/33 MP: 5/5
  1737 | D:2      | Reached XP level 6. HP: 32/38 MP: 6/6
  1744 | D:2      | Got Sif Muna's Almanac of Shapeshifting
  2314 | D:3      | Found a bloodstained altar of Trog.
  2913 | D:3      | Found a white marble altar of Elyvilon.
  3194 | D:4      | HP: 1/39 [gnoll/+0 halberd[a gnoll sergeant] (5)]
  3194 | D:4      | Slain by a gnoll

Illustrated notes

Levels and vault maps discovered:
D:1:      dpeg_arrival_orchard, layout_loops_ring,
          dreamdust_ecumenical_altar_drowned_temple, minmay_pentomino_q4
D:2:      layout_loops_ring, kennysheep_flooded_box, uniq_sigmund
D:3:      layout_loops_cross, elyvilon_altar_4,
          mainiacjoe_overflow_surrounded_room
D:4:      layout_basic, nicolae_tso_carved_into_rock,
          mainiacjoe_overflow_large_starburst, nicolae_grassy_gnolls,
          uniq_blork_the_orc, uniq_ijyb, uniq_eustachio

Skill      XL: |  1  2  3  4  5  6 |
---------------+-------------------+-----
Armour         | 4 |  4.4
Fighting       | 4 |  4.3
Maces & Flails | 4 |  4.3
Dodging        | 1 |  1.2
Shields        | 4 |  4.0
Stealth        | |  0.4

Action                   |  1- 3 |  4- 6 || total
-------------------------+-------+-------++-------
Melee: Flail             |   124 |   123 ||   247
  Use: Scroll            |     7 |     3 ||    10
       Potion            |       |     1 ||     1
Armor: Scale mail        |    82 |    53 ||   135
Dodge: Dodged            |    89 |    72 ||   161
Block: Buckler           |    32 |    37 ||    69
       Reflection        |       |     1 ||     1
